 Dungeon Crawl Stone Soup version 0.29-a0-414-g5075937ec3 (webtiles) character file.

Game seed: 11635257473520095512

6971 marklar909 the Cleaver (level 10, -7/87 HPs)
             Began as a Palentonga Fighter on May 16, 2022.
             Was an Initiate of Gozag.
             Mangled by a two-headed ogre
             ... wielding a +0 giant club
              (8 damage)
             ... on level 9 of the Dungeon.
             The game lasted 00:14:15 (11200 turns).

marklar909 the Cleaver (Palentonga Fighter)        Turns: 11200, Time: 00:14:16

Health: -7/87      AC: 21    Str: 22    XL:     10   Next: 81%
Magic:  10/10      EV:  5    Int: 12    God:    Gozag
Gold:   640        SH:  8    Dex: 11    Spells: 9/9 levels left

rFire   + . .      SeeInvis +   a - +0 war axe (venom)
rCold   . . .      Faith    .   s - +0 kite shield
rNeg    . . .      Spirit   .   i - +2 chain mail {rF+}
rPois   .          Reflect  .   x - +0 hat {Int+3}
rElec   .          Harm     .   l - +1 cloak
rCorr   .          Rampage  .   (no gloves)
Will    .....                   (no barding)
Stlth   ..........              (no amulet)
HPRegen 0.24/turn               (no ring)
MPRegen 0.12/turn               (no ring)

@: curled up
A: large, rugged brown scales 3, see invisible, deformed body, roll 1, armoured
tail, reflexive curl
a: Rolling Charge, Renounce Religion, Potion Petition, Call Merchant, Bribe
Branch


You were on level 9 of the Dungeon.
You worshipped Gozag.
Gozag was pleased with you.
You visited 1 branch of the dungeon, and saw 9 of its levels.

You collected 1473 gold pieces.
You paid 833 gold pieces to Gozag.

Inventory:

Hand Weapons
 a - a +0 war axe of venom (weapon)
 h - a +2 antimagic hand axe
Missiles
 c - a throwing net
Armour
 i - a +2 chain mail of fire resistance (worn)
 l - a +1 cloak (worn)
 s - a +0 kite shield (worn)
 v - a +1 chain mail of cold resistance
 x - a +0 hat of intelligence (worn)
Jewellery
 g - an amulet of magic regeneration
 y - a ring of fire
Wands
 w - a wand of digging (5)
Scrolls
 d - 2 scrolls of teleportation
 j - 2 scrolls of silence
 k - a scroll of magic mapping
 q - 2 scrolls of amnesia
 z - 2 scrolls of identify
 A - a scroll of fog {unknown}
 B - a scroll of blinking {unknown}
Potions
 b - 2 potions of magic
 e - 2 potions of heal wounds
 f - 3 potions of curing
 m - a potion of flight
 n - a potion of brilliance
 o - 2 potions of mutation
 p - 3 potions of cancellation
 r - a potion of resistance {unknown}
 t - 3 potions of degeneration {unknown}
 u - a potion of invisibility {unknown}


   Skills:
 * Level 8.4 Fighting
 + Level 9.8 Axes
 * Level 8.8 Armour
 + Level 2.1 Dodging
 + Level 1.0 Stealth
 + Level 4.6 Shields


You had 9 spell levels left.
You didn't know any spells.
Your spell library contained the following spells:

 Spells                   Type           Power      Damage    Failure   Level
 Magic Dart               Conj           0%         1d3       99%         1
 Pain                     Necr           0%         1d4       99%         1
 Call Imp                 Summ           0%         N/A       100%        2
 Gell's Gravitas          Tloc           0%         N/A       100%        3
 Lesser Beckoning         Tloc           0%         N/A       100%        3
 Mephitic Cloud           Conj/Pois/Air  0%         N/A       100%        3
 Ozocubu's Armour         Ice            0%         N/A       100%        3
 Stone Arrow              Conj/Erth      0%         3d7       100%        3
 Teleport Other           Tloc           0%         N/A       100%        3
 Animate Armour           Summ/Erth      0%         N/A       100%        4
 Petrify                  Tmut/Erth      0%         N/A       100%        4
 Agony                    Necr           0%         N/A       100%        5
 Excruciating Wounds      Necr           0%         N/A       100%        5
 Metabolic Englaciation   Hex/Ice        0%         N/A       100%        5
 Simulacrum               Ice/Necr       0%         N/A       100%        6
 Statue Form              Tmut/Erth      0%         N/A       100%        6
 Malign Gateway           Summ/Tloc      0%         N/A       100%        7
 Borgnjor's Revivificati  Necr           0%         N/A       100%        8
 Lehudib's Crystal Spear  Conj/Erth      0%         10d2      100%        8
 Necromutation            Tmut/Necr      0%         N/A       100%        8
 Summon Horrible Things   Summ           0%         N/A       100%        8
 Death's Door             Necr           0%         N/A       100%        9


Dungeon Overview and Level Annotations

Branches:
Dungeon (9/15)             Temple (0/1) D:7            Lair (0/6) D:8
    Orc: D:9-12

Altars:
Gozag
Kikubaaqudgha
Makhleb
Nemelex Xobeh
Ru
Sif Muna
Trog
Uskayaw
Vehumet
Yredelemnul
Zin
The Shining One

Shops:
D:1 :   D:6 (

Annotations:
D:5 2 transporters


Innate Abilities, Weirdness & Mutations

You are completely covered in rugged brown scales. (AC +3, +7% HP)
You have supernaturally acute eyesight. (SInv)
Armour fits poorly on your strangely shaped body.
You can roll at nearby foes to attack.
You have a long armoured tail.
You curl defensively after being hit. (AC +7*)


Message History

You slash the howler monkey! You block the howler monkey's attack.
The howler monkey hits you.
You slash the howler monkey!
The howler monkey is poisoned.
The howler monkey is almost dead.
The centaur is distracted by your dazzling golden aura.
You kill the howler monkey!
The kobold brigand is distracted by your dazzling golden aura.
The gnoll shaman is distracted by your dazzling golden aura.
You see here a +0 short sword.
The two-headed ogre is distracted by your dazzling golden aura.
The two-headed ogre is no longer distracted by gold.
A two-headed ogre is nearby!
There is a stone staircase leading up here.
Okay, then.
Okay, then.
Unknown command.
Unknown command.
Unknown command.
Unknown command.
Unknown command.
You hit the two-headed ogre but do no damage.
The two-headed ogre is poisoned.
The two-headed ogre hits you with a +0 giant club!!
You block the two-headed ogre's attack.
You hit the two-headed ogre.
The two-headed ogre is lightly wounded.
The two-headed ogre hits you with a +0 giant club!
The two-headed ogre hits you with a +0 giant club.
You slash the two-headed ogre!
The two-headed ogre looks as sick as possible!
The two-headed ogre is heavily wounded.
You block the two-headed ogre's attack.
The two-headed ogre hits you with a +0 giant club!!
* * * LOW HITPOINT WARNING * * *
The two-headed ogre attacks as you move away!
The two-headed ogre hits you with a +0 giant club!!
* * * LOW HITPOINT WARNING * * *
The two-headed ogre hits you with a +0 giant club!
You die...
Your body crumbles into a pile of gold.

#...# #....# ##..#
#....# #..# #....#
#..#######'######
#...............#
#...............#
+...............#
#....O..........#
#....<@.........#
#.#######.......#
#.......#.......#
##.......'.......#
#..###'###.......#
#................#
#....[....#####..#
##....###########.#
#.....#.#.#.#:#.#.#


You could see a two-headed ogre (extremely poisoned).

Vanquished Creatures
  Gastronok (D:8)
  A vampire mage (D:9)
  Pikel (D:6)
  A slime creature (D:7)
  6 yaks
  A steam dragon (D:6)
  Edmund (D:6)
  A water moccasin (D:6)
  Duvessa (D:6)
  An orc warrior (D:8)
  4 black bears
  A sky beast (D:7)
  An ice beast (D:8)
  4 centaurs
  A phantom (D:5)
  A lemure (D:6)
  A kobold brigand (D:8)
  3 gnoll sergeants
  3 wyvern zombies (D:6)
  4 scorpions
  2 bullfrogs (D:8)
  6 wights
  Dowan (D:6)
  4 killer bees (D:7)
  3 howler monkeys
  A bullfrog zombie (D:6)
  2 gnoll shamans
  4 hounds
  A jelly (D:6)
  3 orc priests
  Terence (D:2)
  5 orc wizards
  3 iguanas
  2 howler monkey zombies (D:6)
  21 gnolls
  7 adders
  A shadow imp (D:5)
  4 white imps
  An ufetubus (D:4)
  4 worms
  A dart slug (D:4)
  19 orcs
  3 endoplasms
  7 giant cockroaches
  7 goblins
  5 hobgoblins
  7 jackals
  11 kobolds
  4 quokkas
  4 ball pythons
  4 bats
  A frilled lizard (D:2)
  4 rats (D:1)
191 creatures vanquished.

Vanquished Creatures (others)
  6 plants (D:5)
6 creatures vanquished.

Grand Total: 197 creatures vanquished

Notes
Turn   | Place    | Note
-------+----------+-------------------------------------------
     0 | D:1      | marklar909 the Palentonga Fighter began the quest for the
                  | Orb.
     0 | D:1      | Reached XP level 1. HP: 19/19 MP: 1/1
   235 | D:1      | Reached XP level 2. HP: 25/25 MP: 2/2
   377 | D:1      | Found a faded altar of an unknown god.
   507 | D:1      | Found Jati's Book Shop.
   877 | D:2      | Reached XP level 3. HP: 26/31 MP: 3/3
  1339 | D:2      | Noticed Terence
  1348 | D:2      | Killed Terence
  1349 | D:2      | Reached XP level 4. HP: 6/37 MP: 0/4
  2147 | D:3      | Found a hide-covered altar of Uskayaw.
  2156 | D:3      | Reached skill level 3 in Axes
  2614 | D:3      | Found a bloodstained altar of Trog.
  2980 | D:3      | Found a glowing silver altar of Zin.
  2980 | D:3      | Found a sacrificial altar of Ru.
  2982 | D:3      | Found an opulent altar of Gozag.
  3130 | D:3      | Became a worshipper of Gozag Ym Sagoz the Greedy
  3195 | D:4      | Reached XP level 5. HP: 43/44 MP: 5/5
  3454 | D:4      | Noticed a black bear
  3462 | D:4      | Killed a black bear
  3463 | D:4      | Reached XP level 6. HP: 24/51 MP: 6/6
  3689 | D:4      | Reached skill level 1 in Dodging
  3703 | D:4      | Reached skill level 4 in Axes
  3872 | D:5      | Entered Level 5 of the Dungeon
  3872 | D:5      | Noticed a yak
  3872 | D:5      | Noticed a yak
  3872 | D:5      | Noticed a yak
  3872 | D:5      | Noticed a yak
  3872 | D:5      | Noticed a yak
  3872 | D:5      | Noticed a yak
  4128 | D:4      | Killed a yak
  4129 | D:4      | Gained mutation: You curl defensively after being hit. (AC
                  | +7*) [Palentonga growth]
  4129 | D:4      | Reached XP level 7. HP: 26/58 MP: 7/7
  4335 | D:4      | Killed a yak
  4341 | D:4      | Killed a yak
  4342 | D:4      | Reached skill level 5 in Fighting
  4342 | D:4      | Reached skill level 5 in Armour
  4352 | D:4      | Killed a yak
  4691 | D:5      | Reached skill level 5 in Axes
  4691 | D:5      | Reached XP level 8. HP: 36/66 MP: 8/8
  4958 | D:5      | Found a burning altar of Makhleb.
  5358 | D:5      | Reached skill level 6 in Axes
  5989 | D:5      | Identified the +5 scale mail of the Pink Corner {*Slow
                  | rN+++ Regen+ Dex+5}
  5989 | D:5      | Identified the +0 buckler of Narcissism {-Tele rF+++ Regen+
                  | Str-2}
  6054 | D:5      | Found a transporter.
  6054 | D:5      | Found a transporter.
  6379 | D:6      | Reached XP level 9. HP: 63/73 MP: 9/9
  6385 | D:6      | Reached skill level 7 in Axes
  6403 | D:6      | Noticed Edmund
  6647 | D:6      | Killed Edmund
  6894 | D:6      | Found Hipitas's Weapon Shoppe.
  6931 | D:6      | Found a basalt altar of Yredelemnul.
  7132 | D:6      | Noticed Dowan
  7134 | D:6      | Noticed Duvessa
  7138 | D:6      | Killed Dowan
  7144 | D:6      | Killed Duvessa
  7148 | D:6      | Noticed Pikel
  7153 | D:6      | Killed Pikel
  7154 | D:6      | Reached skill level 8 in Axes
  7240 | D:6      | Found a glowing golden altar of the Shining One.
  7848 | D:7      | Found a staircase to the Ecumenical Temple.
  7963 | D:7      | Reached XP level 10. HP: 84/84 MP: 10/10
  8878 | D:8      | Found an ancient bone altar of Kikubaaqudgha.
  8879 | D:8      | Found a staircase to the Lair.
  8888 | D:8      | Found a radiant altar of Vehumet.
  8909 | D:8      | Noticed Gastronok
  9606 | D:8      | Killed Gastronok
  9607 | D:8      | Reached skill level 9 in Axes
  9868 | D:8      | Found a shimmering blue altar of Sif Muna.
 10086 | D:8      | Found a sparkling altar of Nemelex Xobeh.
 10341 | D:8      | Reached skill level 1 in Stealth
 10580 | D:9      | Noticed a vampire mage
 10597 | D:9      | Killed a vampire mage
 11163 | D:9      | Noticed a two-headed ogre
 11200 | D:9      | HP: 1/87 [two-headed ogre/+0 giant club (22)]
 11200 | D:9      | Mangled by a two-headed ogre

Illustrated notes

Levels and vault maps discovered:
D:1:      wander_arrival_chamber, layout_rooms, serial_shops,
          nicolae_shop_statue_plus, basic_ecumenical_altar
D:2:      layout_basic, uniq_terence
D:3:      layout_loops_cross, nicolae_overflow_crystal_walls,
          amcnicky_altar_gilded, gammafunk_temple_overflow_claw
D:4:      layout_cave_pools
D:5:      minmay_inner_zag, layout_rooms, bloody_makhleb,
          gammafunk_ghost_gnarly_gnolls
D:6:      layout_basic, nicolae_yredelemnul_corpse_copse, tso_oasis_becter,
          serial_shops, nicolae_shop_advertising_works
          [nicolae_subvault_shop_adworks], uniq_duvessa, uniq_edmund, uniq_pikel
D:7:      layout_basic, minmay_temple_entry_proselytizer
D:8:      layout_cave_pools, grunt_temple_overflow_magic_moments,
          nemelex_diamond_rough_becter, lair_entry_dummy, enter_bailey_6,
          minmay_misc_feat_five, minmay_misc_feat_alley, minmay_misc_feat_tiny,
          lemuel_old_faithful, uniq_gastronok
D:9:      minmay_the_grid_plus_closed [minmay_the_grid_paths,
          minmay_the_grid_minigrid_large, minmay_the_grid_minigrid_small,
          minmay_the_grid_expand, minmay_the_grid_prize_four_corners_diamond_b],
          layout_gridville, minmay_librarian

Skill      XL: |  1  2  3  4  5  6  7  8  9 10 |
---------------+-------------------------------+-----
Armour         | 3 4 5 6 7 8 |  8.8
Axes           | 3 4 5 6 8 9 |  9.8
Fighting       | 4 5 6 7 8 |  8.4
Shields        | 3 4 |  4.6
Dodging        | 1 2 |  2.1
Stealth        | 1 |  1.0

Action                   |  1- 3 |  4- 6 |  7- 9 | 10-12 || total
-------------------------+-------+-------+-------+-------++-------
Melee: War axe           |    79 |    97 |   238 |   161 ||   575
       Tailslap          |     9 |    13 |    37 |    34 ||    93
Invok: Potion Petition   |       |       |       |     2 ||     2
 Abil: Rolling Charge    |       |       |       |     1 ||     1
  Use: Scroll            |     4 |     8 |     3 |     5 ||    20
       Potion            |     1 |       |     1 |     1 ||     3
 Stab: Distracted        |       |       |       |     2 ||     2
Armor: Scale mail        |    33 |     3 |       |       ||    36
       Chain mail        |       |    78 |   183 |    97 ||   358
Dodge: Dodged            |    32 |    22 |    58 |    35 ||   147
Block: Buckler           |    18 |    18 |     9 |       ||    45
       Kite shield       |       |       |    86 |    75 ||   161

Table legend: (Time is in decaauts)
 A = Elapsed time spent in this place.
 B = Non-inter-level travel time spent in this place.
 C = Inter-level travel time spent in this place.
 D = Time resting spent in this place.
 E = Time spent auto-exploring this place.
 F = Levels seen in this place.
 G = Mean time per level.
                   A        B        C        D        E       F      G
               +--------+--------+--------+--------+--------+-----+--------+
         Total |  11366 |  10527 |    839 |   3300 |   5662 |   9 | 1262.9 |
       Dungeon |  11366 |  10527 |    839 |   3300 |   5662 |   9 | 1262.9 |
               +--------+--------+--------+--------+--------+-----+--------+

Top non-repeatable levels by time:
     D:7: 2090 daAuts
     D:5: 2029 daAuts
     D:4: 1457 daAuts
     D:2: 1423 daAuts
     D:3: 1224 daAuts
     D:8: 1014 daAuts
     D:1: 755 daAuts
     D:6: 711 daAuts
     D:9: 661 daAuts
